 Dungeon Crawl Stone Soup version 0.25-a0-166-g16436c4407 (webtiles) character file.

Game seed: 11522895793180545385, levelgen mode: deterministic

399 D1HalberdGnoll the Poker (level 6, -3/72 HPs)
             Began as a Merfolk Skald on Nov 24, 2019.
             Was an Initiate of Okawaru.
             Killed by divine providence
             ... invoked by an orc priest
              (14 damage)
             ... on level 5 of the Dungeon.
             The game lasted 00:06:27 (4247 turns).

D1HalberdGnoll the Poker (Merfolk Skald)            Turns: 4247, Time: 00:06:28

Health: -3/72      AC: 23    Str: 17    XL:     6   Next: 84%
Magic:  7/9        EV:  2    Int: 12    God:    Okawaru [......]
Gold:   141        SH:  3    Dex: 13    Spells: 3/9 levels left

rFire    . . .     SeeInvis .   a - +0 spear
rCold    + . .     Gourm    .   s - +0 buckler
rNeg     + + +     Faith    .   (armour currently unavailable)
rPois    +         Spirit   .   (helmet currently unavailable)
rElec    .         Reflect  .   (cloak currently unavailable)
rCorr    .         Harm     .   (gloves currently unavailable)
MR       .....     NoTele   +   (boots currently unavailable)
Stlth    +.........             (no amulet)
HPRegen  0.22/turn              p - ring of protection from cold
MPRegen  0.11/turn              g - +3 ring of strength

@: tree-form
A: (change form in water), (swift swim), (stealthy swim)
a: Renounce Religion


You were on level 5 of the Dungeon.
You worshipped Okawaru.
Okawaru was noncommittal.
You were hungry.
You were a tree.
You visited 1 branch of the dungeon, and saw 5 of its levels.

You collected 141 gold pieces.

Inventory:

Hand Weapons
 a - a +0 spear (weapon)
Missiles
 k - a throwing net (quivered)
Armour
 q - a +0 helmet (melded)
 s - a +0 buckler (worn)
 t - a +0 ring mail (melded)
Jewellery
 g - a +3 ring of strength (right branch)
 p - a ring of protection from cold (left branch)
Wands
 e - a wand of scattershot (3)
Scrolls
 c - 9 scrolls of identify
 h - 3 scrolls of enchant armour {unknown}
 i - 3 scrolls of remove curse
 m - a scroll of teleportation {unknown}
 n - 4 scrolls of amnesia
 o - a scroll of magic mapping
 r - a scroll of fog {unknown}
Potions
 f - a potion of degeneration {unknown}
 j - a potion of haste {unknown}
 u - a potion of flight {unknown}
Comestibles
 b - 2 chunks of flesh
 d - 6 rations


   Skills:
 + Level 4.0 Fighting
 * Level 7.0 Polearms
 - Level 0.6 Armour
 - Level 2.6 Dodging
 + Level 0.8 Shields
 - Level 2.0 Spellcasting
 + Level 4.7 Charms
 + Level 1.9 Invocations


You had 3 spell levels left.
You knew the following spells:

 Your Spells              Type           Power        Failure   Level  Hunger
a - Infusion              Chrm           ##..         5%          1    ##.....
b - Song of Slaying       Chrm           ##......     9%          2    ###....
c - Regeneration          Chrm/Necr      #.........   41%         3    ####...

Your spell library contained the following spells:

 Spells                   Type           Power        Failure   Level  Hunger
 Shroud of Golubria       Chrm/Tloc      #.....       22%         2    ###....
 Spectral Weapon          Hex/Chrm       #.......     41%         3    ####...


Dungeon Overview and Level Annotations

Branches:
Dungeon (5/15)
 Temple: D:4-7

Altars:
Dithmenos
Makhleb
Okawaru


Message History

The orc priest begins to cast a cantrip, but forgets the words!
Attack whom?
Press: ? - help, Dir - move target cursor, f/p - orc priest
Aim: an orc priest, wearing a +0 ring mail The worker ant is in the way.
You barely miss the worker ant.
The worker ant is moderately wounded.
The worker ant bites you but does no damage.
The orc priest mumbles some strange prayers to Beogh against you.
Beogh smites you!
* * * LOW HITPOINT WARNING * * *
The worker ant waves its antennae.
The worker ant bites you but does no damage.
Attack whom?
Press: ? - help, Dir - move target cursor, f/p - orc priest
Aim: an orc priest, wearing a +0 ring mail You reach to attack!
You barely miss the orc priest.
You feel yourself speed up.
The orc priest mumbles some strange prayers to Beogh against you.
Beogh smites you!
You die...

......####..#......##
..# #.##.......###
#.#..........#
#....(....#..
##.........#
.#######.......####
.......#..######
[.....)..##
...###♣a## ###o# #.#
#.........
#.........$
#?.o.a.....
.......§...
#.....o.....
#...........


You could see a worker ant and an orc priest.

Vanquished Creatures
  An ogre (D:4)
  A scorpion (D:4)
  2 orc wizards (D:5)
  A bullfrog skeleton (D:5)
  Jessica (D:3)
  A worker ant (D:4)
  A howler monkey skeleton (D:5)
  3 adders
  A shadow imp (D:3)
  2 adder skeletons (D:4)
  A worm (D:2)
  A dart slug (D:3)
  4 leopard geckos
  5 orcs
  10 bats
  A giant cockroach (D:3)
  5 goblins
  6 hobgoblins
  A quokka (D:2)
  A ball python (D:1)
  3 frilled lizards
  14 kobolds
  6 rats
72 creatures vanquished.

Notes
Turn   | Place    | Note
-------+----------+-------------------------------------------
     0 | D:1      | D1HalberdGnoll the Merfolk Skald began the quest for the
                  | Orb.
     0 | D:1      | Reached XP level 1. HP: 16/16 MP: 3/3
   136 | D:1      | Reached XP level 2. HP: 20/23 MP: 0/5
   510 | D:1      | Reached skill level 4 in Polearms
   703 | D:1      | Reached XP level 3. HP: 19/28 MP: 1/6
   752 | D:1      | You fall into a shaft and drop 1 floor!
  1623 | D:2      | Learned a level 2 spell: Song of Slaying
  2224 | D:3      | Reached XP level 4. HP: 34/34 MP: 3/7
  2283 | D:3      | Reached skill level 5 in Polearms
  2474 | D:3      | Noticed Jessica
  2488 | D:3      | Killed Jessica
  2488 | D:3      | Reached XP level 5. HP: 35/41 MP: 2/8
  2651 | D:3      | Found an iron altar of Okawaru.
  2802 | D:3      | Found a shadowy altar of Dithmenos.
  2803 | D:3      | Found a burning altar of Makhleb.
  2882 | D:3      | Became a worshipper of Warmaster Okawaru
  3032 | D:4      | Reached skill level 6 in Polearms
  3419 | D:4      | Noticed an ogre
  3617 | D:4      | Reached skill level 1 in Invocations
  3812 | D:4      | Killed an ogre
  3812 | D:4      | Reached XP level 6. HP: 35/48 MP: 4/9
  3898 | D:4      | Learned a level 3 spell: Regeneration
  3980 | D:5      | Entered Level 5 of the Dungeon
  4243 | D:5      | Reached skill level 7 in Polearms
  4247 | D:5      | Killed from afar by an orc priest

Levels and vault maps discovered:
D:1:      wander_arrival_peaceful_grave, layout_loops_ring,
          minmay_misc_feat_secret_circle, minmay_vboxes
D:2:      layout_loops_corners
D:3:      layout_basic, okawaru_metal_pillars_3,
          gammafunk_temple_overflow_pools, uniq_jessica
D:4:      layout_rooms, first_ration, hangedman_abyss_or_decor_jellyfish_corner,
          minivault_11
D:5:      layout_cave_pods, lemuel_crystal_altar, kennysheep_generic_room_10,
          uniq_duvessa, uniq_grinder

Skill      XL: |  1  2  3  4  5  6 |
---------------+-------------------+-----
Polearms       | 4 5 6 7 |  7.0
Fighting       | 3 4 |  4.0
Charms         | 4 |  4.7
Invocations    | 1 |  1.9
Armour         | |  0.6
Dodging        | |  2.6
Shields        | |  0.8
Spellcasting   | |  2.0

Action                   |  1- 3 |  4- 6 || total
-------------------------+-------+-------++-------
Melee: Spear             |   127 |   187 ||   314
Throw: Boomerang         |       |     2 ||     2
 Cast: Infusion          |    11 |     8 ||    19
       Song of Slaying   |     1 |    10 ||    11
Evoke: Wand              |       |     2 ||     2
  Use: Scroll            |       |     5 ||     5
       Potion            |       |     3 ||     3
  Eat: Chunk             |     4 |     4 ||     8
       Ration            |       |     1 ||     1
Armor: Leather armour    |    19 |    14 ||    33
       Skin              |       |    17 ||    17
       Ring mail         |       |    17 ||    17
Dodge: Dodged            |    52 |    54 ||   106
Block: Buckler           |       |     7 ||     7

Table legend:
 A = Non-vault XP
 B = Vault XP
 C = Vault XP percentage of total XP
 D = Non-vault monster count
 E = Vault monster count
 F = Vault count percentage of total count
                 A         B        C        D         E       F
            +---------+---------+-------+---------+---------+-------
      Total |     525 |      45 |   7.9 |      67 |       5 |   6.9
            +---------+---------+-------+---------+---------+-------
        D:1 |      27 |       8 |  22.9 |      16 |       4 |  20.0
        D:2 |      38 |       0 |   0.0 |      14 |       0 |   0.0
        D:3 |      74 |      37 |  33.3 |      24 |       1 |   4.0
        D:4 |     236 |       0 |   0.0 |       5 |       0 |   0.0
        D:5 |     150 |       0 |   0.0 |       8 |       0 |   0.0
            +---------+---------+-------+---------+---------+-------
